 Dungeon Crawl Stone Soup version 0.31-a0-229-g1fc7ce93e2 (webtiles) character file.

Game seed: 6729184198955817614

219 qw the Shooter (level 5, -2/30 HPs)
             Began as a Gargoyle Hexslinger on July 6, 2023.
             Slain by Edmund
             ... wielding a +0 heavy flail
              (6 damage)
             ... on level 4 of the Dungeon.
             The game lasted 00:00:55 (1461 turns).

qw the Shooter (Gargoyle Hexslinger)                Turns: 1461, Time: 00:00:55

Health: -2/30      AC: 10    Str: 11    XL:     5   Next: 96%
Magic:  0/6        EV: 10    Int: 14    God:
Gold:   126        SH:  0    Dex: 14    Spells: 5/6 levels left

rFire   . . .        Y - +2 sling
rCold   . . .        (no shield)
rNeg    + . .        l - +0 ring mail
rPois   inf          (no helmet)
rElec   +            (no cloak)
rCorr   .            (no gloves)
SInv    .            f - +0 pair of boots
Will    +....        a - amulet of guardian spirit
Stlth   +            b - ring of willpower
HPRegen 0.25/turn    (no ring)
MPRegen 0.10/turn

%: guardian spirit
@: no status effects
A: sickness immunity, AC +4, negative energy resistance 1, electricity
resistance, torment resistance 1, petrification resistance
a: no special abilities


You were on level 4 of the Dungeon.
You visited 1 branch of the dungeon, and saw 4 of its levels.

You collected 126 gold pieces.


Innate Abilities, Weirdness & Mutations

You are immune to sickness and miasma.
Your stone body is resilient. (AC +4)
You are immune to poison.
You resist negative energy. (rN+)
You are resistant to electric shocks. (rElec)
You are resistant to unholy torment.
You are immune to petrification.


   Skills:
 - Level 2.0 Fighting
 + Level 4.6 Ranged Weapons
 - Level 3.4 Armour
 - Level 1.5 Dodging
 - Level 1.0 Spellcasting
 - Level 2.6 Hexes


You had 5 spell levels left.
You knew the following spells:

 Your Spells              Type           Power      Damage    Failure   Level
a - Slow                  Hex            32%        N/A       21%         1

Your spell library contained the following spells:

 Spells                   Type           Power      Damage    Failure   Level
 Inner Flame              Hex/Fire       4%         N/A       71%         3
 Portal Projectile        Hex/Tloc       8%         N/A       71%         3
 Cause Fear               Hex            4%         N/A       89%         4

Inventory:

Hand Weapons
 Y - a +2 sling (weapon)
Armour
 f - a +0 pair of boots (worn)
 l - a +0 ring mail (worn)
Jewellery
 a - an amulet of guardian spirit (around neck)
 b - a ring of willpower (left hand)
Potions
 c - a potion of attraction {unknown}
 e - a potion of degeneration {unknown}
 h - a potion of curing {unknown}
 j - a potion of magic {unknown}
 k - a potion of might {unknown}

Dungeon Overview and Level Annotations

Branches:
Dungeon (4/15)
 Temple: D:4-7

Altars:

Shops:
D:1 ?

Annotations:
D:4 Edmund


Message History

You shoot a sling bullet.
The sling bullet hits Edmund but does no damage.
You shoot a sling bullet.
The sling bullet hits Edmund but does no damage.
You shoot a sling bullet. The sling bullet closely misses Edmund.
You shoot a sling bullet.
The sling bullet hits Edmund but does no damage.
You shoot a sling bullet.
The sling bullet hits Edmund but does no damage.
Edmund completely misses you.
You shoot a sling bullet. The sling bullet closely misses Edmund.
Edmund closely misses you.
You shoot a sling bullet. The sling bullet barely misses Edmund.
Edmund hits you but does no damage.
You shoot a sling bullet. The sling bullet barely misses Edmund.
Edmund hits you with a +0 heavy flail!
You shoot a sling bullet.
The sling bullet hits Edmund but does no damage.
Edmund closely misses you.
You shoot a sling bullet. The sling bullet hits Edmund.
Edmund is lightly wounded.
You shoot a sling bullet. The sling bullet hits Edmund.
Edmund is lightly wounded.
Edmund completely misses you.
You shoot a sling bullet. The sling bullet barely misses Edmund.
Edmund hits you with a +0 heavy flail.
You shoot a sling bullet. The sling bullet hits Edmund.
Edmund is lightly wounded.
Edmund hits you but does no damage.
You shoot a sling bullet.
The sling bullet hits Edmund but does no damage.
Edmund is lightly wounded.
Edmund hits you but does no damage.
You shoot a sling bullet. The sling bullet hits Edmund.
Edmund is moderately wounded.
Edmund closely misses you.
You shoot a sling bullet. The sling bullet closely misses Edmund.
You shoot a sling bullet. The sling bullet barely misses Edmund.
Edmund hits you with a +0 heavy flail!
You die...

..# #.#
#.# #.##
...#
#####..###
#....@...#
#@...+
#....#
#.......$
.........
..###.###
...# .#
.... #
#####


You could see Edmund.

Vanquished Creatures
  An ogre (D:3)
  An orc priest (D:3)
  An orc wizard (D:4)
  A white imp (D:3)
  A worm (D:3)
  A dart slug (D:1)
  9 orcs
  6 endoplasms
  A giant cockroach (D:4)
  7 goblins
  6 hobgoblins
  4 jackals (D:1)
  5 kobolds
  A quokka (D:2)
  2 ball pythons
  3 bats
  3 frilled lizards
  5 rats
58 creatures vanquished.

Notes
Turn   | Place    | Note
-------+----------+-------------------------------------------
     0 | D:1      | qw the Gargoyle Hexslinger began the quest for the Orb.
     0 | D:1      | Reached XP level 1. HP: 12/12 MP: 2/2
     0 | D:1      | 0 ||| qw: Version: 0.3-a-46-gb1f654a
     0 | D:1      | 0 ||| qw: Game counter: 1642
     0 | D:1      | 0 ||| qw: Melee chars always use a shield: true
     0 | D:1      | 0 ||| qw: God list: Okawaru
     0 | D:1      | 0 ||| qw: Allow faded altars: false
     0 | D:1      | 0 ||| qw: Do Orc after clearing Dungeon:15 true
     0 | D:1      | 0 ||| qw: Do second Lair branch before Depths: true
     0 | D:1      | 0 ||| qw: Lair rune preference: random
     0 | D:1      | 0 ||| qw: Goals: Normal
     0 | D:1      | 0 ||| PLANNING D:1-11
    70 | D:1      | Reached XP level 2. HP: 16/16 MP: 3/3
   259 | D:1      | Found Qelua's Magic Scroll Emporium.
   264 | D:1      | Reached skill level 3 in Ranged Weapons
   271 | D:1      | 271 ||| SHOPLISTING scroll of acquirement (676 gold, have
                  | 24).
   271 | D:1      | 271 ||| SHOPLISTING scroll of identify (26 gold, have 24).
   271 | D:1      | 271 ||| SHOPLISTING scroll of teleportation (39 gold, have
                  | 24).
   398 | D:1      | 398 ||| UPGRADING to +0 pair of boots.
   403 | D:1      | 403 ||| READING scroll labelled QUNARYX DISYN.
   408 | D:1      | 408 ||| READING scroll labelled WAGOTA CUHEVEA.
   409 | D:1      | 409 ||| READING scroll labelled NIMIRO VICS.
   410 | D:1      | 410 ||| DROPPING scroll of poison.
   502 | D:2      | Reached XP level 3. HP: 17/21 MP: 4/4
   941 | D:2      | 941 ||| UPGRADING to +0 ring mail.
   951 | D:2      | 951 ||| DROPPING +0 robe.
   952 | D:2      | 952 ||| UPGRADING to amulet of guardian spirit.
   957 | D:2      | 957 ||| UPGRADING to ring of willpower.
   958 | D:2      | 958 ||| READING scroll labelled OWKIHI FATOQADA.
   959 | D:2      | 959 ||| READING scroll labelled OSINGUNAVY.
   960 | D:2      | 960 ||| READING scroll labelled ITIZIK USCHA.
   970 | D:3      | Noticed an ogre
   977 | D:3      | Killed an ogre
   978 | D:3      | Reached skill level 3 in Armour
   978 | D:3      | Reached XP level 4. HP: 26/26 MP: 5/5
   978 | D:3      | Reached XP level 5. HP: 30/30 MP: 6/6
  1063 | D:3      | 1063 ||| FLEEEEING.
  1070 | D:3      | 1070 ||| FLEEEEING.
  1071 | D:3      | 1071 ||| FLEEEEING.
  1072 | D:3      | 1072 ||| FLEEEEING.
  1080 | D:3      | Reached skill level 4 in Ranged Weapons
  1440 | D:4      | HP: 6/30 [orc wizard/+0 dagger (3)]
  1441 | D:4      | 1441 ||| READING scroll of teleportation.
  1444 | D:4      | Noticed Edmund
  1452 | D:4      | HP: 4/30 [Edmund/+0 heavy flail (5)]
  1461 | D:4      | Slain by Edmund

Levels and vault maps discovered:
D:1:      dpeg_arrival_windows_large_door, layout_rooms, serial_shops,
          nicolae_shop_pleasant_corner_grove
D:2:      layout_basic, minmay_tetromino_o2
D:3:      layout_rooms, minmay_close_crescents
D:4:      layout_basic, minmay_temple_entry_mist, minmay_misc_feat_cross,
          uniq_edmund

Skill      XL: |  1  2  3  4  5 |
---------------+----------------+-----
Ranged Weapons | 3 4 |  4.6
Fighting       | 2 |  2.0
Armour         | 3 |  3.4
Dodging        | |  1.5
Spellcasting   | |  1.0
Hexes          | |  2.6

Action                     |  1- 3 |  4- 6 || total
---------------------------+-------+-------++-------
   Fire: Sling             |   120 |   118 ||   238
    Use: Scroll            |     6 |     1 ||     7
 Armour: Robe              |    14 |       ||    14
         Ring mail         |     1 |    62 ||    63
  Dodge: Dodged            |    39 |    41 ||    80

Table legend:
 A = Non-vault XP
 B = Vault XP
 C = Vault XP percentage of total XP
 D = Non-vault monster count
 E = Vault monster count
 F = Vault count percentage of total count
                 A         B        C        D         E       F
            +---------+---------+-------+---------+---------+-------
      Total |     305 |       9 |   2.9 |      52 |       6 |  10.3
            +---------+---------+-------+---------+---------+-------
        D:1 |      27 |       0 |   0.0 |      14 |       0 |   0.0
        D:2 |      24 |       3 |  11.1 |      16 |       2 |  11.1
        D:3 |     201 |       6 |   2.9 |      14 |       4 |  22.2
        D:4 |      53 |       0 |   0.0 |       8 |       0 |   0.0
            +---------+---------+-------+---------+---------+-------
